 Dungeon Crawl Stone Soup version 0.32-a0-42-ga30500b4d3 (webtiles) character file.

Game seed: 13742301714596596401

3404 lunkers the Spear-Bearer (level 10, -1/110 HPs)
             Began as an Oni Gladiator on Jan 31, 2024.
             Was a Believer of Ru.
             Killed from afar by a steam dragon (14 damage)
             ... with a ball of steam
             ... on level 8 of the Dungeon.
             The game lasted 00:08:51 (7750 turns).

lunkers the Spear-Bearer (Oni Gladiator)            Turns: 7750, Time: 00:08:52

Health: -1/110     AC:  3    Str: 24    XL:     10   Next: 4%
Magic:  10/10      EV: 10    Int:  9    God:    Ru [**....]
Gold:   461        SH:  5    Dex: 10    Spells: 9/9 levels left

rFire   . . .        b - +2 trident (flame)
rCold   . . .        j - orb {light}
rNeg    . . .        z - +0 robe
rPois   .            c - +0 hat
rElec   .            (no cloak)
rCorr   .            (gloves unavailable)
SInv    +            (boots unavailable)
Will    +....        l - amulet of reflection
Stlth   +            k - ring of see invisible
HPRegen 0.38/turn    (no ring)
MPRegen 0.12/turn

%: reflection
@: glowing
A: large, unfitting armour, horns 1, tough skin 1, inability to drink after
injury 2, no air magic, no hexes magic, no necromancy magic, double potion
healing, drunken brawling
a: Renounce Religion


You were on level 8 of the Dungeon.
You worshipped Ru.
Ru was pleased with you.
You visited 1 branch of the dungeon, and saw 8 of its levels.

You collected 461 gold pieces.

Inventory:

Hand Weapons
 a - a +0 trident
 b - a +2 trident of flaming (weapon)
Missiles
 d - 3 throwing nets
 e - a large rock
Armour
 c - a +0 hat (worn)
 j - an orb of light (worn)
 z - a +0 robe (worn)
Jewellery
 k - a ring of see invisible (left hand)
 l - an amulet of reflection (around neck)
 q - an amulet of guardian spirit
 t - a ring of resist corrosion
Wands
 u - a wand of paralysis (8)
 v - a wand of flame (32)
Scrolls
 g - 9 scrolls of identify {unknown}
 h - 2 scrolls of vulnerability {unknown}
 m - 2 scrolls of fear {unknown}
 o - 2 scrolls of poison {unknown}
 p - 3 scrolls of immolation {unknown}
 r - a scroll of enchant armour {unknown}
 x - a scroll of amnesia {unknown}
 y - 3 scrolls of teleportation {unknown}
 C - a scroll of torment {unknown}
Potions
 f - 3 potions of attraction {unknown}
 i - 2 potions of curing {unknown}
 n - 2 potions of lignification {unknown}
 s - 2 potions of might {unknown}
 w - a potion of berserk rage {unknown}
 A - a potion of haste {unknown}
 B - a potion of degeneration {unknown}


   Skills:
 + Level 9.9 Fighting
 * Level 12.2 Polearms
 - Level 2.0 Throwing
 - Level 2.6 Dodging


You had 9 spell levels left.
You didn't know any spells.
Your spell library contained the following spells:

 Spells                   Type           Power      Damage    Failure   Level
 Ozocubu's Armour         Ice            0%         N/A       77%         3
 Sculpt Simulacrum        Ice/Alch       0%         N/A       100%        6
 Metabolic Englaciation   Hex/Ice        Unusable   N/A       N/A         5

Dungeon Overview and Level Annotations

Branches:
Dungeon (8/15)             Temple (0/1) D:6
   Lair: D:8-11

Altars:
Fedhas
Nemelex Xobeh
Qazlal
Ru
Vehumet
Wu Jian


Innate Abilities, Weirdness & Mutations

You are too large for most types of armour.
You have a pair of small horns on your head.
You have tough skin. (AC +1)
You sometimes lose the ability to drink potions when taking damage.
You cannot study or cast Air magic.
You cannot study or cast Hexes magic.
You cannot study or cast Necromancy magic.
You gain doubled healing and magic from potions.
Whenever you drink a healing potion, you attack all around you.


Message History

Aim: a steam dragon (catching its breath, softly glowing, haloed, about 17% to evade your +2 trident of flaming)
You hit the steam dragon. You burn the steam dragon.
You headbutt the steam dragon!
The steam dragon is heavily wounded.
You are engulfed in a cloud of scalding steam.
* * * LOW HITPOINT WARNING * * *
Reach: b) +2 trident (flame)
Press: ? - help, Dir - move target, f/p - steam dragon
Aim: a steam dragon (heavily wounded, catching its breath, softly glowing, haloed, about 17% to evade your +2 trident of flaming)
You barely miss the steam dragon. You headbutt the steam dragon.
The steam dragon is heavily wounded.
You are engulfed in a cloud of scalding steam.
* * * LOW HITPOINT WARNING * * *
The steam dragon bites you but does no damage.
The steam dragon claws you but does no damage.
Unknown command.
Reach: b) +2 trident (flame)
Press: ? - help, Dir - move target, f/p - steam dragon
Aim: a steam dragon (heavily wounded, catching its breath, softly glowing, haloed, about 17% to evade your +2 trident of flaming)
You hit the steam dragon but do no damage.
The steam dragon is heavily wounded.
You are engulfed in a cloud of scalding steam.
* * * LOW HITPOINT WARNING * * *
The steam dragon bites you.
* * * LOW HITPOINT WARNING * * *
The steam dragon claws you but does no damage.
Reach: b) +2 trident (flame)
Press: ? - help, Dir - move target, f/p - steam dragon
Aim: a steam dragon (heavily wounded, softly glowing, haloed, about 17% to evade your +2 trident of flaming)
You hit the steam dragon. You burn the steam dragon.
The steam dragon is severely wounded.
Unknown command.
Reach: b) +2 trident (flame)
Press: ? - help, Dir - move target, f/p - steam dragon
Aim: a steam dragon (severely wounded, softly glowing, haloed, about 17% to evade your +2 trident of flaming)
You hit the steam dragon. You burn the steam dragon.
The steam dragon is almost dead.
The steam dragon breathes steam at you. The ball of steam hits you!
You die...

### #.. ####.# ##
#....# .. ####.##.##
.# #........###..###.
#.##.##...@D).....
#.##.##.#########.
#.##..#.#########.#
##.
#.###.#.##.....##..
...
#.......##.....##.. ..
##....####.....##.##.#
#.#### #.....##....#
#.# #.....##....# #.#
###.####...###.#


You could see a steam dragon (catching breath, corona).

Vanquished Creatures
  A two-headed ogre (D:7)
  2 water moccasins
  3 ice beasts
  A black bear (D:5)
  3 centaurs
  4 ogres
  A phantom (D:5)
  A scorpion (D:6)
  A bullfrog (D:7)
  4 wights (D:8)
  5 howler monkeys
  A bombardier beetle (D:6)
  2 jellies
  9 orc priests
  3 hounds
  7 orc wizards
  3 iguanas
  4 gnolls (D:2)
  12 adders
  4 white imps
  2 ufetubi (D:6)
  2 dart slugs
  A ribbon worm (D:2)
  43 orcs
  7 ball pythons
  5 endoplasms
  5 giant cockroaches
  11 goblins
  12 hobgoblins
  8 jackals
  7 bats
  5 frilled lizards
  8 kobolds
  4 rats
191 creatures vanquished.

Notes
Turn   | Place    | Note
-------+----------+-------------------------------------------
     0 | D:1      | lunkers the Oni Gladiator began the quest for the Orb.
     0 | D:1      | Reached XP level 1. HP: 22/22 MP: 1/1
    91 | D:1      | Reached XP level 2. HP: 19/29 MP: 2/2
   412 | D:1      | Reached skill level 4 in Polearms
   417 | D:1      | Reached XP level 3. HP: 16/36 MP: 3/3
  1220 | D:2      | Reached XP level 4. HP: 35/44 MP: 4/4
  1221 | D:2      | Reached skill level 5 in Polearms
  1624 | D:2      | Found a faded altar of an unknown god.
  1698 | D:3      | Reached XP level 5. HP: 42/50 MP: 5/5
  1719 | D:3      | Reached skill level 6 in Polearms
  1867 | D:3      | Reached XP level 6. HP: 57/59 MP: 6/6
  1883 | D:3      | Found a sacrificial altar of Ru.
  1947 | D:3      | Became a worshipper of Ru the Awakened
  2434 | D:4      | Reached skill level 7 in Polearms
  2479 | D:4      | Found a sparkling altar of Nemelex Xobeh.
  2622 | D:4      | Reached XP level 7. HP: 68/68 MP: 7/7
  3017 | D:4      | Found a stormy altar of Qazlal.
  3262 | D:5      | Entered Level 5 of the Dungeon
  3518 | D:5      | Reached skill level 5 in Fighting
  3518 | D:5      | Reached skill level 8 in Polearms
  3687 | D:5      | Gained mutation: You cannot study or cast Air magic. [Ru
                  | sacrifice]
  3687 | D:5      | Gained mutation: You cannot study or cast Hexes magic. [Ru
                  | sacrifice]
  3687 | D:5      | Gained mutation: You cannot study or cast Necromancy magic.
                  | [Ru sacrifice]
  3687 | D:5      | Reached * piety under Ru
  3777 | D:5      | Reached XP level 8. HP: 25/83 MP: 8/8
  4060 | D:5      | Reached skill level 9 in Polearms
  4263 | D:5      | Found a blossoming altar of Fedhas.
  4674 | D:5      | You fall into a shaft and drop 3 floors!
  4711 | D:8      | Noticed a wyvern
  5117 | D:7      | Reached skill level 10 in Polearms
  5139 | D:7      | Reached XP level 9. HP: 54/93 MP: 9/9
  5721 | D:7      | Noticed a two-headed ogre
  5730 | D:7      | Killed a two-headed ogre
  5731 | D:7      | Reached skill level 11 in Polearms
  5895 | D:7      | Found an ornate altar of the Wu Jian Council.
  6691 | D:6      | Gained mutation: You occasionally lose the ability to drink
                  | potions when taking damage. [Ru sacrifice]
  6691 | D:6      | Gained mutation: You sometimes lose the ability to drink
                  | potions when taking damage. [Ru sacrifice]
  6691 | D:6      | Reached ** piety under Ru
  7021 | D:6      | Found a staircase to the Ecumenical Temple.
  7543 | D:8      | Found a radiant altar of Vehumet.
  7565 | D:8      | Reached skill level 12 in Polearms
  7574 | D:8      | Reached XP level 10. HP: 70/108 MP: 10/10
  7750 | D:8      | Killed from afar by a steam dragon

Illustrated notes

Levels and vault maps discovered:
D:1:      lemuel_arrival_broad_hall, layout_basic
D:2:      layout_loops_ring, shapermc_ecumenical_altar_mp_ritualfount
D:3:      layout_rooms, mainiacjoe_overflow_catwalk, minmay_misc_feat_cross,
          grunt_ministairs_13, saegor_snake_ambush
D:4:      layout_rooms, mainiacjoe_overflow_cross_hatched,
          nicolae_qazlal_scattered_showers, nicolae_figureground_pulse
D:5:      layout_basic, fedhas_bush_and_centaur_altar
D:6:      layout_gridville, minmay_temple_entry_statues_fountains
D:7:      layout_basic, pdpol_wu_jian_five_deadly_venoms
D:8:      layout_loops_cross, trog_ov_bears_minmay, old_standard_altar,
          minmay_lair_entry_grove

Skill      XL: |  1  2  3  4  5  6  7  8  9 |
---------------+----------------------------+-----
Polearms       | 4 5 6 7 8 10 12 | 12.2
Fighting       | 3 5 7 9 |  9.9
Throwing       | |  2.0
Dodging        | |  2.6

Action                     |  1- 3 |  4- 6 |  7- 9 | 10-12 || total
---------------------------+-------+-------+-------+-------++-------
  Melee: Trident           |   111 |   129 |   289 |    13 ||   542
         Headbutt          |    13 |    17 |    51 |     2 ||    83
 Invoke: Sacrifice Arcana  |       |       |     1 |       ||     1
         Sacrifice Drink   |       |       |     1 |       ||     1
   Stab: Distracted        |       |       |     1 |       ||     1
 Armour: Robe              |    63 |    55 |   112 |    18 ||   248
  Dodge: Dodged            |    43 |    51 |    60 |       ||   154

Table legend: (Time is in decaauts)
 A = Elapsed time spent in this place.
 B = Non-inter-level travel time spent in this place.
 C = Inter-level travel time spent in this place.
 D = Time resting spent in this place.
 E = Time spent auto-exploring this place.
 F = Levels seen in this place.
 G = Mean time per level.
                   A        B        C        D        E       F      G
               +--------+--------+--------+--------+--------+-----+--------+
         Total |   7704 |   7487 |    217 |      0 |   6468 |   8 |  963.0 |
       Dungeon |   7704 |   7487 |    217 |      0 |   6468 |   8 |  963.0 |
               +--------+--------+--------+--------+--------+-----+--------+

Top non-repeatable levels by time:
     D:5: 1708 daAuts
     D:7: 1508 daAuts
     D:4: 940 daAuts
     D:6: 927 daAuts
     D:1: 897 daAuts
     D:2: 754 daAuts
     D:3: 698 daAuts
     D:8: 268 daAuts
